 Dungeon Crawl Stone Soup version 0.24-a0-537-g2d01d4ab0a (webtiles) character file.

Game seed: 898122191411827374

546 Mithandil the Agent of Entropy (level 7, -2/53 HPs)
             Began as a Demonspawn Abyssal Knight on Aug 14, 2019.
             Was a Priest of Lugonu.
             Slain by a killer bee (5 damage)
             ... on level 6 of the Dungeon.
             The game lasted 00:30:18 (5260 turns).

Mithandil the Agent of Entropy (DsAK)               Turns: 5260, Time: 00:30:19

Health: -2/53      AC: 14    Str: 20    XL:     7   Next: 6%
Magic:  0/10       EV: 11    Int: 13    God:    Lugonu [***...]
Gold:   205        SH:  0    Dex: 12    Spells: 6/6 levels left

rFire    + . .     SeeInvis .   a - +0 long sword
rCold    + . .     Gourm    .   (no shield)
rNeg     . . .     Faith    .   C - +1 ring mail {rF+}
rPois    .         Spirit   +   (helmet restricted)
rElec    .         Reflect  .   f - +0 cloak
rCorr    .         Harm     .   A - +0 pair of gloves
MR       .....                  (no boots)
Stlth    +.........             l - amulet of guardian spirit
HPRegen  0.17/turn              g - ring of wizardry
MPRegen  0.12/turn              (no ring)

@: mighty, sanguine armour
A: horns 1, cold resistance 1, demonic guardian 1, sanguine armour 1
a: Depart the Abyss, Bend Space, Banish, Renounce Religion


You were on level 6 of the Dungeon.
You worshipped Lugonu.
Lugonu was most pleased with you.
You were not hungry.

You visited 1 branch of the dungeon, and saw 6 of its levels.
You visited the Abyss 1 time.

You collected 205 gold pieces.

Inventory:

Hand Weapons
 a - a +0 long sword (weapon)
 b - a +0 spear
 e - a +0 mace
 w - a +0 short sword
 x - a +0 war axe
 I - a +0 hunting sling
 J - a +0 dagger of electrocution
Missiles
 h - 26 poisoned darts (quivered)
 n - 225 stones
 p - 79 arrows
 s - 45 sling bullets
 B - 6 datura-tipped darts
Armour
 f - a +0 cloak (worn)
 j - a +0 leather armour
 o - a +0 scale mail
 A - a +0 pair of gloves (worn)
 C - a +1 ring mail of fire resistance (worn)
Magical Staves
 D - an uncursed staff of earth
Jewellery
 g - a ring of wizardry (left hand)
 l - an amulet of guardian spirit (around neck)
 z - an uncursed ring of poison resistance
Scrolls
 d - 2 scrolls of identify
 k - 2 scrolls of blinking
 t - a scroll of magic mapping {unknown}
 u - a scroll of enchant armour {unknown}
 y - a scroll of fog {unknown}
 E - a scroll of amnesia {unknown}
 F - a scroll of remove curse
 G - a scroll of random uselessness {unknown}
 H - a scroll of immolation {unknown}
Potions
 i - a potion of cancellation
 r - 3 potions of brilliance
 v - a potion of agility
Comestibles
 c - 3 rations
 m - 2 chunks of flesh


   Skills:
 + Level 3.9 Fighting
 * Level 3.8 Long Blades
 + Level 2.1 Throwing
 + Level 2.9 Armour
 + Level 2.3 Dodging
 + Level 2.0 Unarmed Combat
 + Level 4.2 Invocations


You had 6 spell levels left.
You didn't know any spells.
Your spell library was empty.

Dungeon Overview and Level Annotations

Branches:
Dungeon (6/15)             Temple (0/1) D:4

Altars:
Hepliaklqana
Okawaru
Ru
Sif Muna
Trog


Innate Abilities, Weirdness & Mutations

You have a pair of small horns on your head.
Your flesh is cold resistant. (rC+)
A weak demonic guardian rushes to your aid.
When seriously injured, your bleeding wounds create armour. (AC +6)


Message History

The killer bee is moderately wounded.
The killer bee stings you but does no damage. x3
You miss the killer bee.
The killer bee is moderately wounded.
The killer bee stings you.
* * * LOW HITPOINT WARNING * * *
The killer bee stings you but does no damage.
You completely miss the killer bee.
The killer bee is moderately wounded.
The killer bee barely misses you. x2; You riposte.
You barely miss the killer bee. You headbutt the killer bee!
You kill the killer bee!
Lugonu accepts your kill.
You have reached level 7!
The killer bee stings you.
* * * LOW HITPOINT WARNING * * *
You closely miss the killer bee. The killer bee stings you!
* * * LOW HITPOINT WARNING * * *
The killer bee stings you!
You die...

#≈≈(..≈.⌠≈..≈..≈≈#
#≈≈≈..≈$.≈..≈..≈≈#
#≈≈≈..≈..≈≈...≈#
#.≈..≈..)....#
#..≈≈........#
##............#.
#####....)...........
#....####y#.....>....
#...@yF##.####F.##
#########5# .# #.. ..
#.## . #.# #..


You could see a bullfrog and 2 killer bees.

Vanquished Creatures
  A bullfrog (D:6)
  2 killer bees (D:6)
  An orc wizard (D:2)
  An orc priest (D:2)
  A bullfrog skeleton (D:6)
  A worker ant (D:5)
  An iguana (D:4)
  3 gnolls (D:3)
  3 adders (D:2)
  An ooze (D:3)
  An adder skeleton (D:4)
  6 worms
  A dart slug (D:2)
  2 leopard geckos
  9 orcs
  5 bats
  A giant cockroach (D:2)
  7 goblins
  11 hobgoblins
  7 kobolds
  3 quokkas
  A ball python (D:3)
  6 frilled lizards
  10 rats
85 creatures vanquished.

Vanquished Creatures (collateral kills)
  A crimson imp (D:6)
  An orc priest (D:3)
  An orc wizard (D:2)
  A gnoll (D:3)
  2 adders
  2 orcs
  A jackal skeleton (D:4)
9 creatures vanquished.

Vanquished Creatures (others)
  A phantom (D:4)
  A jackal (D:5)
2 creatures vanquished.

Grand Total: 96 creatures vanquished

Notes
Turn   | Place    | Note
-------+----------+-------------------------------------------
     0 | Abyss:1  | Mithandil the Demonspawn Abyssal Knight began the quest for
                  | the Orb.
     0 | Abyss:1  | Reached XP level 1. HP: 18/18 MP: 2/2
    25 | D:1      | Escaped the Abyss
   101 | D:1      | Reached skill level 1 in Dodging
   332 | D:1      | Gained mutation: When seriously injured, your bleeding
                  | wounds create armour. (AC +6) [demonic ancestry]
   332 | D:1      | Reached XP level 2. HP: 14/24 MP: 3/3
  1086 | D:1      | Reached ** piety under Lugonu
  1198 | D:3      | Found an iron altar of Okawaru.
  1267 | D:4      | Noticed a phantom
  1337 | D:2      | Noticed a moth of wrath
  1339 | D:2      | Found a bloodstained altar of Trog.
  1344 | D:2      | Reached XP level 3. HP: 28/29 MP: 5/5
  1352 | D:2      | HP: 1/29 [worm (4)]
  2191 | D:2      | You fall into a shaft and drop 1 floor!
  2255 | D:1      | HP: 1/29 [hobgoblin/+0 club (1)]
  2619 | D:2      | Reached skill level 1 in Throwing
  2619 | D:2      | Gained mutation: You have a pair of small horns on your
                  | head. [demonic ancestry]
  2619 | D:2      | Reached XP level 4. HP: 25/35 MP: 4/6
  2704 | D:2      | Found a sacrificial altar of Ru.
  2716 | D:2      | Reached skill level 1 in Unarmed Combat
  2716 | D:2      | Reached skill level 3 in Invocations
  2778 | D:2      | Gained mutation: A weak demonic guardian rushes to your
                  | aid. [demonic ancestry]
  2778 | D:2      | Reached XP level 5. HP: 22/41 MP: 4/7
  3028 | D:2      | Found a shimmering blue altar of Sif Muna.
  3429 | D:3      | Found a hazy altar of Hepliaklqana.
  3501 | D:3      | Found a faded altar of an unknown god.
  3557 | D:3      | Reached *** piety under Lugonu
  3747 | D:5      | Entered Level 5 of the Dungeon
  3747 | D:5      | Noticed a phantom
  3747 | D:5      | Noticed a centaur
  4321 | D:4      | Gained mutation: Your flesh is cold resistant. (rC+)
                  | [demonic ancestry]
  4321 | D:4      | Reached XP level 6. HP: 19/47 MP: 3/8
  4873 | D:4      | Found a staircase to the Ecumenical Temple.
  5161 | D:6      | Reached skill level 4 in Invocations
  5192 | D:6      | HP: 2/48 [bullfrog skeleton (2)]
  5259 | D:6      | Reached XP level 7. HP: 9/53 MP: 6/10
  5260 | D:6      | Slain by a killer bee

Levels and vault maps discovered:
D:1:      shiori_shiawase, layout_basic, serial_forest,
          infiniplex_forest_clump_diagonal, infiniplex_forest_clump_diagonal,
          infiniplex_forest_straight_4, infiniplex_forest_straight_5,
          infiniplex_forest_lined_4_way, infiniplex_forest_straight_1,
          infiniplex_forest_clump_medium, infiniplex_forest_clump_diagonal,
          minmay_small_reverse_x
D:2:      layout_loops_ring, nicolae_ru_great_annihilating_truth,
          lemuel_blue_sif_altar, tgw_trog
D:3:      layout_basic, nicolae_overflow_crystal_walls,
          nicolae_overflow_hidden_temple, chequers_ecumenical_altar_simple
D:4:      layout_loops_ring, temple_fountains, minmay_quantized
D:5:      layout_basic, elyvilon_altar_4, first_ration
D:6:      cheibrodos_helix_gallery, layout_loops_cross,
          nicolae_ossuary_entry_giza

Skill      XL: |  1  2  3  4  5  6 |
---------------+-------------------+-----
Dodging        | 1 2 |  2.3
Long Blades    | 2 3 |  3.8
Armour         | 2 |  2.9
Throwing       | 1 2 |  2.1
Unarmed Combat | 1 2 |  2.0
Invocations    | 3 4 |  4.2
Fighting       | |  3.9

Action                   |  1- 3 |  4- 6 |  7- 9 || total
-------------------------+-------+-------+-------++-------
Melee: Falchion          |   153 |    61 |       ||   214
       Headbutt          |       |    29 |       ||    29
       Long sword        |       |   103 |     1 ||   104
       Spear             |       |    13 |       ||    13
Invok: Bend Space        |       |     1 |       ||     1
       Banish            |       |     2 |       ||     2
  Use: Potion            |     3 |     6 |       ||     9
       Scroll            |     4 |     5 |       ||     9
 Stab: Invisible         |       |     1 |       ||     1
       Paralysed         |       |     1 |       ||     1
  Eat: Chunk             |     5 |     7 |       ||    12
       Ration            |       |     1 |       ||     1
Armor: Leather armour    |     6 |       |       ||     6
       Scale mail        |    55 |    35 |       ||    90
       Ring mail         |       |    68 |       ||    68
Dodge: Dodged            |    93 |   149 |       ||   242
       Rpst.: Falchion   |    33 |    14 |       ||    47
       Long sword        |       |    32 |       ||    32

Table legend:
 A = Non-vault XP
 B = Vault XP
 C = Vault XP percentage of total XP
 D = Non-vault monster count
 E = Vault monster count
 F = Vault count percentage of total count
                 A         B        C        D         E       F
            +---------+---------+-------+---------+---------+-------
      Total |     700 |      80 |  10.3 |      80 |      15 |  15.8
            +---------+---------+-------+---------+---------+-------
        D:1 |      31 |       6 |  16.2 |      17 |       4 |  19.0
        D:2 |     148 |      64 |  30.2 |      21 |       9 |  30.0
        D:3 |     124 |       0 |   0.0 |      28 |       0 |   0.0
        D:4 |     127 |       3 |   2.3 |       6 |       1 |  14.3
        D:5 |      37 |       0 |   0.0 |       1 |       0 |   0.0
        D:6 |     233 |       7 |   2.9 |       7 |       1 |  12.5
            +---------+---------+-------+---------+---------+-------
